 Dungeon Crawl Stone Soup version 0.29.1-12-g30fa7ad0bf (webtiles) character file.

Game seed: 4251165575279523385

55 Radix the Gusty (level 3, -4/19 HPs)
             Began as a Tengu Air Elementalist on Dec 28, 2022.
             Slain by an iguana (5 damage)
             ... on level 3 of the Dungeon.
             The game lasted 00:05:55 (1958 turns).

Radix the Gusty (Tengu Air Elementalist)            Turns: 1958, Time: 00:05:55

Health: -4/19      AC:  3    Str:  8    XL:     3   Next: 93%
Magic:  2/8        EV: 12    Int: 17    God:
Gold:   60         SH:  0    Dex: 14    Spells: 6/7 levels left

rFire   . . .      SeeInvis .   d - +3 dagger
rCold   . . .      Faith    .   (no shield)
rNeg    . . .      Spirit   .   a - +0 robe
rPois   .          Reflect  .   (helmet restricted)
rElec   .          Harm     .   (no cloak)
rCorr   .          Rampage  .   o - +0 pair of gloves
Will    .....                   (boots unavailable)
Stlth   ++........              (no amulet)
HPRegen 0.06/turn               (no ring)
MPRegen 0.11/turn               (no ring)

@: about to teleport, very slightly contaminated
A: beak, talons 3
a: no special abilities


You were on level 3 of the Dungeon.
You visited 1 branch of the dungeon, and saw 3 of its levels.

You collected 60 gold pieces.

Inventory:

Hand Weapons
 c - a +0 hand axe
 d - a +3 dagger (weapon)
Armour
 a - a +0 robe (worn)
 o - a +0 pair of gloves (worn)
Scrolls
 e - a scroll of identify {unknown}
 g - a scroll of vulnerability {unknown}
 i - a scroll of amnesia {unknown}
 l - a scroll of teleportation
 m - a scroll of noise {unknown}
Potions
 b - a potion of magic
 f - a potion of might {unknown}
 h - a potion of attraction {unknown}
 j - a potion of curing {unknown}
 k - a potion of heal wounds {unknown}
 n - a potion of lignification {unknown}


   Skills:
 - Level 2.1 Dodging
 - Level 2.0 Stealth
 + Level 2.7 Spellcasting
 + Level 2.9 Conjurations
 + Level 4.8 Air Magic


You had 6 spell levels left.
You knew the following spells:

 Your Spells              Type           Power      Damage    Failure   Level
a - Shock                 Conj/Air       60%        1d6       3%          1

Your spell library contained the following spells:

 Spells                   Type           Power      Damage    Failure   Level
 Static Discharge         Conj/Air       15%        3-5/arc   5%          2
 Swiftness                Air            18%        N/A       8%          3
 Airstrike                Air            9%         2d(2-18)  24%         4


Dungeon Overview and Level Annotations

Branches:
Dungeon (3/15)

Altars:


Innate Abilities, Weirdness & Mutations

You have a beak for a mouth.
You have claws for feet.


Message History

You kill the adder!
Aiming: Shock (safe; 3% risk of failure)
Press: ? - help, Q - select action Shift-Dir - straight line, f - iguana
Aim: an iguana (75% to hit)
The zap hits the iguana.
The iguana is lightly wounded.
Aiming: Shock (safe; 3% risk of failure)
Press: ? - help, Q - select action Shift-Dir - straight line, f/p - iguana
Aim: an iguana (lightly wounded, 75% to hit)
The zap hits the iguana.
The iguana is moderately wounded.
The iguana misses you.
You hit the iguana.
The iguana is heavily wounded.
The iguana bites you.
You closely miss the iguana. You claw the iguana, but do no damage.
The iguana is heavily wounded.
The iguana bites you!
* * * LOW HITPOINT WARNING * * *
Okay, then.
As you read the scroll labelled ARENLI HATIYCE, it crumbles to dust.
You feel strangely unstable.
It was a scroll of teleportation.
The iguana barely misses you.
Aiming: Shock (safe; 3% risk of failure)
Press: ? - help, Q - select action Shift-Dir - straight line, f/p - iguana
Aim: an iguana (heavily wounded, 75% to hit)
The zap hits the iguana.
The iguana is severely wounded.
The iguana bites you.
* * * LOW HITPOINT WARNING * * *
Aiming: Shock (safe; 3% risk of failure)
Press: ? - help, Q - select action Shift-Dir - straight line, f/p - iguana
Aim: an iguana (severely wounded, 75% to hit)
You miscast Shock.
You are very lightly contaminated with residual magic.
Nothing appears to happen.
The iguana barely misses you.
Unknown command.
The iguana attacks as you move away! The iguana bites you.
You die...

.....
##########.....
...............
.##.............
............[...
................
##......[......
#.....@........
#.....l......#
........<...###
...........##
.#............
#............#
#....?$......#
#............#
#............#


You could see an iguana.

Vanquished Creatures
  2 adders
  A dart slug (D:2)
  2 endoplasms (D:1)
  4 giant cockroaches
  6 hobgoblins
  A quokka (D:2)
  4 ball pythons
  A bat (D:2)
  3 frilled lizards
  3 goblins
  2 kobolds
  7 rats
36 creatures vanquished.

Notes
Turn   | Place    | Note
-------+----------+-------------------------------------------
     0 | D:1      | Radix the Tengu Air Elementalist began the quest for the
                  | Orb.
     0 | D:1      | Reached XP level 1. HP: 10/10 MP: 4/4
   241 | D:1      | Reached XP level 2. HP: 15/15 MP: 0/6
  1084 | D:2      | Reached XP level 3. HP: 19/19 MP: 5/7
  1958 | D:3      | Slain by an iguana

Illustrated notes

Levels and vault maps discovered:
D:1:      lemuel_arrival_lava_pool, layout_loops_cross
D:2:      layout_basic
D:3:      layout_rooms

Skill      XL: |  1  2 |
---------------+-------+-----
Conjurations   | 2 |  2.9
Dodging        | |  2.1
Stealth        | |  2.0
Spellcasting   | |  2.7
Air Magic      | |  4.8

Action                   || total
-------------------------++-------
Melee: Dagger            ||     9
       Hand axe          ||     2
       Kick              ||     2
 Cast: Shock             ||    69
  Use: Scroll            ||     1
Armor: Robe              ||     1
Dodge: Dodged            ||    10
